 Dungeon Crawl Stone Soup version 0.21-a0-450-gd87a9b2 (webtiles) character file.

29768 Gorice the Basher (level 13, -7/91 HPs)
             Began as a Demonspawn Wanderer on Nov 18, 2017.
             Was a Priest of Yredelemnul.
             Mangled by a 13-headed hydra (11 damage)
             ... on level 5 of the Lair of Beasts.
             The game lasted 01:12:49 (18865 turns).

Gorice the Basher (Demonspawn Wanderer)            Turns: 18865, Time: 01:12:50

Health: -7/91      AC: 33    Str: 18    XL:     13   Next: 16%
Magic:  13/13      EV:  8    Int: 14    God:    Yredelemnul [***...]
Gold:   843        SH:  2    Dex: 12    Spells: 12/12 levels left

rFire    . . .     SeeInvis .   a - +9 lajatang of Ciraw {chaos, *Contam rElec Int-2 Stlth+}
rCold    + . .     Gourm    .   (shield currently unavailable)
rNeg     . . .     Faith    .   M - +5 chain mail of the Other World {Int+2}
rPois    .         Spirit   .   (helmet restricted)
rElec    +         Reflect  +   h - +2 cloak
rCorr    .         Harm     .   P - +2 pair of gloves
MR       .....                  t - +1 pair of boots
Stlth    +.........             L - +2 amulet of reflection
HPRegen  0.25/turn              o - +1 ring of protection
MPRegen  0.13/turn              C - ring of protection from cold

@: no status effects
A: horns 1, iridescent scales 3, nightstalker 1, rot immunity
a: Recall Undead Slaves, Injury Mirror, Animate Dead, Renounce Religion


You were on level 5 of the Lair of Beasts.
You worshipped Yredelemnul.
Yredelemnul was most pleased with you.
You were not hungry.

You visited 3 branches of the dungeon, and saw 15 of its levels.
You also visited: Labyrinth.

You collected 893 gold pieces.
You spent 50 gold pieces at shops.

Inventory:

Hand Weapons
 a - the +9 lajatang of Ciraw (weapon) {chaos, *Contam rElec Int-2 Stlth+}
   (You found it on level 2 of the Lair of Beasts)

   Each time it hits an enemy it has a different, random effect.
   It affects your intelligence (-2).
   It insulates you from electricity.
   It causes magical contamination when unequipped.
   It makes you more stealthy.
Missiles
 D - 21 tomahawks (quivered)
 Y - 619 stones
 Z - a throwing net
Armour
 h - a +2 cloak (worn)
 t - a +1 pair of boots (worn)
 M - the +5 chain mail of the Other World (worn) {Int+2}
   (You took it off a minotaur in a labyrinth)

   It affects your intelligence (+2).
 P - a +2 pair of gloves (worn)
Jewellery
 o - a +1 ring of protection (left hand)
 C - a ring of protection from cold (right hand)
 F - an uncursed ring of fire
 L - a +2 amulet of reflection (around neck)
Wands
 m - a wand of acid (2/15)
 q - a wand of enslavement (9/24)
 y - a wand of flame (13/48)
 E - a wand of iceblast (6/15)
 H - a wand of disintegration (13/24)
 K - a wand of confusion (28/48)
 N - a wand of lightning (5/15)
 O - a wand of clouds (3/9)
 R - a wand of confusion (20/48)
 S - a wand of polymorph (5/24)
Scrolls
 d - 2 scrolls of identify
 e - 2 scrolls of remove curse
 k - 2 scrolls of fog
 l - a scroll of fear {!r}
 n - 8 scrolls of teleportation {!r}
 r - a scroll of blinking
 Q - a scroll of summoning {!r}
Potions
 b - 5 potions of heal wounds {!q}
 g - a potion of curing
 v - 5 potions of haste {!q}
 w - a potion of resistance {!q}
 x - a potion of lignification {!q}
 z - a potion of cancellation {!q}
Miscellaneous
 B - a box of beasts
Comestibles
 s - 7 royal jellies


   Skills:
 - Level 5.0 Fighting
   Level 13.8(14.4) Maces & Flails
 * Level 7.5(11.6) Staves
   Level 1.0 Bows
 + Level 11.8 Armour
 - Level 1.7 Dodging
 - Level 1.7 Stealth
   Level 4.0 Shields


You had 12 spell levels left.
You didn't know any spells.

Dungeon Overview and Level Annotations

Branches:
Dungeon (9/15)             Temple (1/1) D:6            Lair (5/6) D:9
 Shoals (0/4) Lair:4        Snake (0/4) Lair:4        Slime (0/5) Lair:5
    Orc: D:9-12

Altars:
Ashenzari
Cheibriados
Dithmenos
Elyvilon
Fedhas
Gozag
Hepliaklqana
Kikubaaqudgha
Makhleb
Nemelex Xobeh
Okawaru
Qazlal
Ru
Sif Muna
Trog
Uskayaw
Vehumet
Wu Jian
Xom
Yredelemnul
Zin
The Shining One

Shops:
D:4 !   D:5 (

Annotations:
D:1 vvpUX: scroll behind glass
D:4 2 transporters
D:5 pUX: Zin altar with $ behind bars
D:6 Prince Ribbit
D:7 graki42's ghost, novice DEFE
Lair:1 pUX: Oklobs guarding minor loot, exclusion: 2 oklob plants


Innate Abilities, Weirdness & Mutations

You have a pair of small horns on your head.
You are completely covered in iridescent scales. (AC +6)
You are slightly more attuned to the shadows.
You are immune to rotting.


Message History

The ten-headed hydra bites you but does no damage.
The ten-headed hydra closely misses you.
The ten-headed hydra bites you but does no damage.
Damage: 5 (max 15)
You chop one of the ten-headed hydra's heads off!
The nine-headed hydra grows two more!
You slice the 11-headed hydra!!
You headbutt the 11-headed hydra, but do no damage.
The 11-headed hydra is moderately wounded.
The 11-headed hydra bites you but does no damage.
The 11-headed hydra barely misses you. The 11-headed hydra closely misses you.
The 11-headed hydra bites you but does no damage. x3
The 11-headed hydra barely misses you. The 11-headed hydra bites you.
The 11-headed hydra bites you!
* * * LOW HITPOINT WARNING * * *
The 11-headed hydra bites you.
* * * LOW HITPOINT WARNING * * *
The 11-headed hydra bites you but does no damage.
You lop one of the 11-headed hydra's heads off!
The ten-headed hydra grows two more!
You slice the 12-headed hydra!!
The 12-headed hydra flickers and vanishes!
Deactivating autopickup; reactivate with Ctrl-A.
Your headbutt misses something.
Damage: 20 (max 20)
You closely miss something.
Something bites you but does no damage. x2
Something bites you.
* * * LOW HITPOINT WARNING * * *
Something bites you.
* * * LOW HITPOINT WARNING * * *
Something bites you but does no damage. x2; You block something's attack.
Something bites you but does no damage. x5
Damage: 10 (max 20)
You slash something! You headbutt something!
Something bites you but does no damage. x2; Something bites you.
* * * LOW HITPOINT WARNING * * *
Something bites you.
* * * LOW HITPOINT WARNING * * *
Something bites you but does no damage. Something bites you.
* * * LOW HITPOINT WARNING * * *
Something bites you but does no damage. x7
Damage: 6 (max 20) Unknown command.
You closely miss something. Something bites you but does no damage.
Something bites you!
* * * LOW HITPOINT WARNING * * *
Something bites you but does no damage. x6; Something completely misses you.
Something bites you but does no damage. Something bites you!
* * * LOW HITPOINT WARNING * * *
Something bites you!
You die...
Your body rises from the dead as a mindless zombie.

.##...........#
.............##
.............#
#..P.
......####P..#
###..PP. ###.###
##..#######.......
# ###
#..##...P........
#................
#.................
###....@{.........
#.######.#.#.P..
### #.##.# D. ###
.. ♣♣♣


There were no monsters in sight!

Vanquished Creatures
  Gastronok (Lair:1)
  Snorg (Lair:5)
  A minotaur (Lab)
  2 hydras
  5 two-headed ogres
  5 death yaks (Lair:1)
  Nergalle (Lair:2)
  5 elephants (Lair:3)
  Joseph (D:8)
  3 black mambas
  A black mamba (shapeshifter) (Lair:3)
  4 spiny frogs
  3 rime drakes
  A queen bee (D:8)
  A troll (D:9)
  4 slime creatures (Lair:5)
  4 blink frogs
  A hippogriff (Lair:2)
  Sigmund (D:2)
  2 wyverns
  11 yaks
  2 hungry ghosts (Lab)
  A steam dragon (Lair:4)
  A naga (Lair:4)
  7 water moccasins
  10 porcupines
  2 orc warriors (D:7)
  3 ice beasts
  4 black bears
  A phantom (D:9)
  A necrophage (D:8)
  2 ogres (D:4)
  6 wolves (Lair:2)
  6 centaurs
  7 crocodiles
  13 bullfrogs
  14 killer bees
  3 wights (D:7)
  2 electric eels
  3 howler monkeys
  2 crimson imps
  A centaur zombie (D:5)
  4 hounds
  6 orc priests
  Crazy Yiuf (D:6)
  6 orc wizards
  A bullfrog skeleton (D:2)
  A centaur skeleton (D:5)
  Jessica (D:3)
  5 iguanas
  3 worker ants
  A hound skeleton (D:5)
  A howler monkey zombie (D:8)
  A worker ant zombie (D:5)
  4 gnolls
  10 adders
  A howler monkey skeleton (D:9)
  A shadow imp (D:5)
  An adder zombie (D:5)
  3 worms
  4 dart slugs
  4 leopard geckos
  44 orcs
  4 giant cockroaches
  3 goblins
  4 hobgoblins
  8 jackals
  4 kobolds
  6 quokkas
  A bat (D:3)
  6 frilled lizards
  A jackal skeleton (D:4)
  A leopard gecko zombie (D:9)
  3 quokka skeletons
  15 rats
308 creatures vanquished.

Vanquished Creatures (collateral kills)
  A manticore (Lair:4)
  A rime drake (Lair:3)
  A komodo dragon (Lair:3)
  A hippogriff (Lair:4)
  A wyvern (Lair:3)
  2 hungry ghosts (Lab)
  2 nagas (Lair:4)
  A water moccasin (Lair:4)
  2 crocodiles
  A fungus (Lair:4)
13 creatures vanquished.

Vanquished Creatures (others)
  A troll skeleton (Lab)
  A bush (D:9)
  15 fungi
  7 plants
24 creatures vanquished.

Grand Total: 345 creatures vanquished

Notes
Turn   | Place    | Note
-------+----------+-------------------------------------------
     0 | D:1      | Gorice the Demonspawn Wanderer began the quest for the Orb.
     0 | D:1      | Gorice set off with: a +2 dagger, a potion of heal wounds {!q}, a +0 ring mail, a +0 buckler, a bread ration {!e}
     0 | D:1      | Reached XP level 1. HP: 18/18 MP: 1/1
   252 | D:1      | Gained mutation: You are partially covered in iridescent scales. (AC +2) [demonic ancestry]
   252 | D:1      | Reached XP level 2. HP: 22/24 MP: 2/2
   600 | D:2      | Noticed Sigmund
   920 | D:2      | Reached XP level 3. HP: 29/29 MP: 3/3
  1112 | D:1      | Reached skill level 2 in Armour
  1112 | D:1      | Reached skill level 2 in Shields
  1220 | D:2      | Reached XP level 4. HP: 34/37 MP: 4/4
  1474 | D:1      | Reached skill level 4 in Fighting
  1759 | D:2      | Killed Sigmund
  1759 | D:2      | Reached skill level 3 in Armour
  1759 | D:2      | Reached skill level 3 in Shields
  1759 | D:2      | Reached XP level 5. HP: 30/43 MP: 5/5
  1759 | D:2      | Reached XP level 6. HP: 34/49 MP: 6/6
  2305 | D:2      | Found a faded altar of an unknown god.
  2862 | D:3      | Noticed Jessica
  2876 | D:3      | Killed Jessica
  3114 | D:3      | Reached skill level 1 in Maces & Flails
  3431 | D:4      | Found a transporter.
  3508 | D:4      | Found Lisep's Distillery.
  3544 | D:4      | Reached skill level 2 in Maces & Flails
  3544 | D:4      | Gained mutation: You are immune to rotting. [demonic ancestry]
  3544 | D:4      | Reached XP level 7. HP: 55/55 MP: 7/7
  3663 | D:4      | Reached skill level 4 in Armour
  3663 | D:4      | Reached skill level 4 in Shields
  3811 | D:4      | Reached skill level 3 in Maces & Flails
  3866 | D:4      | Bought a potion of heal wounds for 50 gold pieces
  3873 | D:4      | Found a transporter.
  3884 | D:4      | Noticed a fire bat
  4411 | D:5      | Entered Level 5 of the Dungeon
  4501 | D:5      | Reached skill level 5 in Fighting
  4607 | D:5      | Found a glowing silver altar of Zin.
  4655 | D:5      | Found Cojais's Weapon Shop.
  4945 | D:5      | Reached skill level 4 in Maces & Flails
  5199 | D:6      | Gained mutation: You are mostly covered in iridescent scales. (AC +4) [demonic ancestry]
  5199 | D:6      | Reached XP level 8. HP: 49/62 MP: 8/8
  5426 | D:6      | Reached skill level 5 in Maces & Flails
  5426 | D:6      | Reached skill level 5 in Armour
  5567 | D:6      | Found a staircase to the Ecumenical Temple.
  5590 | D:6      | Found a burning altar of Makhleb.
  5790 | D:6      | Found a bloodstained altar of Trog.
  5805 | D:6      | Reached skill level 6 in Maces & Flails
  6028 | D:6      | Found a runed door.
  6032 | D:6      | Noticed Crazy Yiuf
  6036 | D:6      | Killed Crazy Yiuf
  6115 | D:7      | Noticed graki42's ghost (novice DEFE)
  6161 | D:7      | Noticed Prince Ribbit
  6590 | D:7      | Reached skill level 6 in Armour
  6617 | D:7      | Gained mutation: You are completely covered in iridescent scales. (AC +6) [demonic ancestry]
  6617 | D:7      | Reached XP level 9. HP: 68/68 MP: 9/9
  6637 | D:7      | Reached skill level 7 in Maces & Flails
  7685 | Temple   | Entered the Ecumenical Temple
  7836 | Temple   | Became a worshipper of Yredelemnul the Dark
  7970 | D:8      | Noticed a two-headed ogre
  8036 | D:8      | Found a burning altar of Makhleb.
  8045 | D:8      | Noticed Joseph
  8072 | D:8      | Killed Joseph
  8072 | D:8      | Reached skill level 8 in Maces & Flails
  8076 | D:8      | Killed a two-headed ogre
  8076 | D:8      | Reached skill level 7 in Armour
  8464 | D:7      | Reached skill level 9 in Maces & Flails
  8723 | D:8      | Noticed a two-headed ogre
  8737 | D:8      | Killed a two-headed ogre
  8737 | D:8      | Reached XP level 10. HP: 47/74 MP: 10/10
  9024 | D:8      | Reached * piety under Yredelemnul
  9582 | D:9      | Noticed a two-headed ogre
  9601 | D:8      | HP: 21/74 [queen bee (10)]
  9603 | D:8      | Reached skill level 10 in Maces & Flails
  9612 | D:8      | Reached skill level 8 in Armour
  9812 | D:9      | Noticed a two-headed ogre
  9832 | D:8      | Killed a two-headed ogre
  9958 | D:9      | Found a staircase to the Lair.
 10264 | D:8      | Killed a two-headed ogre
 10405 | D:9      | Reached skill level 11 in Maces & Flails
 10923 | D:9      | Reached skill level 9 in Armour
 10923 | D:9      | Gained mutation: You are slightly more attuned to the shadows. [demonic ancestry]
 10923 | D:9      | Reached XP level 11. HP: 72/79 MP: 11/11
 10930 | D:9      | Noticed a two-headed ogre
 10948 | D:9      | Killed a two-headed ogre
 11093 | D:9      | Found an ancient bone altar of Kikubaaqudgha.
 11093 | D:9      | Found a sparkling altar of Nemelex Xobeh.
 11094 | D:9      | Found a shimmering altar of Xom.
 11121 | D:9      | Found a sacrificial altar of Ru.
 11353 | Lair:1   | Entered Level 1 of the Lair of Beasts
 11397 | D:9      | Identified 3 scrolls of acquirement
 11454 | Lair:1   | HP: 20/79 [spiny frog (7)]
 11473 | Lair:1   | HP: 35/118 [poisoned by a spiny frog]
 11829 | Lair:1   | Reached skill level 12 in Maces & Flails
 11872 | Lair:1   | Noticed an oklob plant
 11872 | Lair:1   | Noticed an oklob plant
 12119 | Lair:1   | Noticed a five-headed hydra
 12131 | Lair:1   | Killed a five-headed hydra
 12257 | Lair:1   | Noticed Gastronok
 12304 | Lair:1   | Killed Gastronok
 12945 | Lair:2   | HP: 23/79 [poisoned by a spiny frog]
 12950 | Lair:2   | HP: 15/79 [poisoned by a spiny frog]
 12955 | Lair:2   | HP: 9/79 [poisoned by a spiny frog]
 12961 | Lair:2   | HP: 5/79 [poisoned by a spiny frog]
 12967 | Lair:2   | HP: 3/79 [poisoned by a spiny frog]
 13210 | Lair:2   | Reached skill level 10 in Armour
 13296 | Lair:2   | Reached ** piety under Yredelemnul
 13414 | Lair:2   | Noticed Nergalle
 13438 | Lair:2   | Killed Nergalle
 13701 | Lair:2   | Reached skill level 13 in Maces & Flails
 13789 | Lair:2   | Noticed a death yak
 13790 | Lair:2   | Noticed a death yak
 13813 | Lair:1   | Killed a death yak
 13990 | Lair:2   | Noticed a death yak
 14008 | Lair:1   | Killed a death yak
 14008 | Lair:1   | Reached XP level 12. HP: 68/86 MP: 12/12
 14084 | Lair:2   | Noticed a death yak
 14084 | Lair:2   | Noticed a death yak
 14106 | Lair:1   | Killed a death yak
 14121 | Lair:1   | Killed a death yak
 14305 | Lair:1   | Killed a death yak
 14784 | Lair:2   | Got an iridescent lajatang
 14790 | Lair:2   | Identified the +9 lajatang of Ciraw {chaos, *Contam rElec Int-2 Stlth+} (You found it on level 2 of the Lair of Beasts)
 14806 | Lair:2   | Reached skill level 1 in Staves
 15272 | Lair:3   | Noticed a seven-headed hydra
 15278 | Lair:3   | HP: 25/86 [11-headed hydra (9)]
 15279 | Lair:3   | HP: 10/86 [electric eel/bolt of electricity (4)]
 15529 | Lair:3   | Reached skill level 2 in Staves
 15552 | Lair:3   | Reached skill level 3 in Staves
 15552 | Lair:3   | Reached skill level 11 in Armour
 15881 | Lair:3   | Identified Zegehy Faith's Collected Works on Icy Envenoming
 16138 | Lair:3   | Reached skill level 4 in Staves
 16351 | Lair:3   | Reached skill level 5 in Staves
 16498 | Lair:3   | Found a shattered altar of Ashenzari.
 16563 | Lair:3   | Reached *** piety under Yredelemnul
 16928 | Lair:4   | Killed a 13-headed hydra
 16953 | Lair:4   | Found a staircase to the Shoals.
 16964 | Lair:4   | Reached skill level 6 in Staves
 17104 | Lair:4   | Found a staircase to the Snake Pit.
 18058 | Lair:5   | Found a labyrinth entrance.
 18094 | Lab      | Entered a labyrinth
 18249 | Lab      | Noticed a minotaur
 18257 | Lab      | HP: 23/86 [something (4)]
 18272 | Lab      | HP: 11/86 [something (21)]
 18272 | Lab      | HP: 5/86 [something (6)]
 18273 | Lab      | Killed a minotaur
 18273 | Lab      | Gained mutation: You have a pair of small horns on your head. [demonic ancestry]
 18273 | Lab      | Reached XP level 13. HP: 14/91 MP: 13/13
 18279 | Lab      | Got a brightly glowing chain mail
 18290 | Lab      | Identified the +5 chain mail of the Other World {Int+2} (You took it off a minotaur in a labyrinth)
 18660 | Lair:5   | Found a staircase to the Slime Pits.
 18665 | Lair:5   | Reached skill level 7 in Staves
 18758 | Lair:5   | Noticed Snorg
 18770 | Lair:5   | Killed Snorg
 18864 | Lair:5   | HP: 26/91 [something (3)]
 18865 | Lair:5   | HP: 12/91 [something (11)]
 18865 | Lair:5   | HP: 4/91 [something (8)]
 18865 | Lair:5   | Mangled by a 13-headed hydra

Vault maps used:
D:1:      evilmike_arrival_fibonacci_small, item_on_display_a
D:2:      minmay_door_path, chequers_ecumenical_altar_lobes, uniq_sigmund
D:3:      serial_bayou, serial_bayou_crossing, serial_bayou_lagoon_b,
          serial_bayou_lagoon_a, serial_bayou_pond_e, uniq_jessica
D:4:      gammafunk_cloud_chamber, serial_shops,
          nicolae_shop_temple_entry_statues_fountains, kennysheep_nondescript
D:5:      zin_treasury, first_bread, serial_shops, nicolae_shop_statue_plus
D:6:      trog_ov_bears_minmay, minmay_temple_entry_from_below_b, basic_altar,
          hangedman_decor_diamond_cutter, uniq_crazy_yiuf_cottage
D:7:      uniq_prince_ribbit1
D:8:      basic_altar, uniq_joseph
D:9:      gammafunk_temple_overflow_forgotten, kennysheep_mini_moat,
          lair_entry_dummy, david_nohive_1, kennysheep_doodads
Temple:   regret_index_temple_sphere_string
Lair:1:   infiniplex_staircase_pool, minmay_lair_oklob_chamber, uniq_gastronok
Lair:2:   serial_bayou_shore_b, uniq_nergalle
Lair:3:   nicolae_quartered_pool_little, lemuel_altar_in_water2
Lair:4:   minmay_shoals_entry_beasts, minmay_snake_entry_guardpost_small
Lair:5:   minmay_slime_entry_pillars, lightli_volcano_entry_magma_tube,
          lab_entry_generic, uniq_snorg
Lab:      labyrinth_mini_lab, nicolae_lab_grate_2, nicolae_lab_dead_end,
          nicolae_lab_checkerboard, labyrinth_skeletal_remains

Skill      XL: |  1  2  3  4  5  6  7  8  9 10 11 12 13 |
---------------+----------------------------------------+-----
Armour         | 2 3 4 6 7 9 10 11 | 11.8
Shields        | 2 3 4 |  4.0
Fighting       | 4 5 |  5.0
Maces & Flails | 2 4 6 9 11 13 | 13.8
Staves         | 6 7 |  7.5
Bows           | |  1.0
Dodging        | |  1.7
Stealth        | |  1.7

Action                   |  1- 3 |  4- 6 |  7- 9 | 10-12 | 13-15 || total
-------------------------+-------+-------+-------+-------+-------++-------
Melee: Dagger            |   128 |   144 |       |       |       ||   272
       Flail             |       |    81 |   447 |   659 |       ||  1187
       Lajatang          |       |       |       |   172 |    53 ||   225
       Headbutt          |       |       |       |       |    16 ||    16
Throw: Stone             |     1 |    11 |       |       |     1 ||    13
       Tomahawk          |       |     3 |    31 |    25 |       ||    59
       Throwing net      |       |       |       |       |     1 ||     1
Invok: Animate Remains   |       |       |       |     8 |       ||     8
       Animate Dead      |       |       |       |     2 |       ||     2
Evoke: Wand              |       |       |       |     5 |     5 ||    10
  Use: Scroll            |     6 |     5 |     8 |     7 |       ||    26
       Potion            |       |     2 |     3 |     9 |       ||    14
 Stab: Sleeping          |     1 |       |       |       |       ||     1
       Invisible         |       |     1 |       |       |       ||     1
       Paralysed         |       |       |       |       |     6 ||     6
  Eat: Chunk             |     1 |     8 |    13 |    26 |     2 ||    50
       Royal jelly       |       |       |     2 |     3 |       ||     5
       Meat ration       |       |       |       |     1 |       ||     1
Armor: Ring mail         |    35 |    95 |    33 |       |       ||   163
       Chain mail        |       |       |   193 |       |    87 ||   280
       Plate armour      |       |       |    35 |   587 |       ||   622
       Skin              |       |       |       |     9 |       ||     9
Dodge: Dodged            |    47 |   126 |   146 |   216 |    25 ||   560
Block: Buckler           |    20 |    53 |   105 |   188 |       ||   366
       Reflection        |       |       |     3 |       |       ||     3
       Other             |       |       |       |    18 |     4 ||    22

Table legend:
 A = Spawn XP
 B = Non-spawn XP
 C = Spawn XP percentage of total XP
 D = Spawn monster count
 E = Non-spawn monster count
 F = Spawn count percentage of total count
 G = Total turns spent on level
                    A         B        C        D         E        F      G
               +---------+---------+-------+---------+---------+-------+---------
         Total |       0 |   42526 |   0.0 |       0 |     320 |   0.0 | 18865
               +---------+---------+-------+---------+---------+-------+---------
           D:1 |       0 |      42 |   0.0 |       0 |      19 |   0.0 |   915
           D:2 |       0 |     461 |   0.0 |       0 |      32 |   0.0 |  1787
           D:3 |       0 |      93 |   0.0 |       0 |      18 |   0.0 |   729
           D:4 |       0 |     495 |   0.0 |       0 |      24 |   0.0 |   980
           D:5 |       0 |     289 |   0.0 |       0 |      19 |   0.0 |   749
           D:6 |       0 |    1124 |   0.0 |       0 |      20 |   0.0 |  1422
           D:7 |       0 |     869 |   0.0 |       0 |      20 |   0.0 |  1410
           D:8 |       0 |    5777 |   0.0 |       0 |      37 |   0.0 |  2049
           D:9 |       0 |    2801 |   0.0 |       0 |      29 |   0.0 |  1155
        Lair:1 |       0 |    9961 |   0.0 |       0 |      20 |   0.0 |  2216
        Lair:2 |       0 |    4813 |   0.0 |       0 |      26 |   0.0 |  1784
        Lair:3 |       0 |    6925 |   0.0 |       0 |      24 |   0.0 |  1491
        Lair:4 |       0 |    3470 |   0.0 |       0 |      16 |   0.0 |  1330
        Lair:5 |       0 |    3722 |   0.0 |       0 |      11 |   0.0 |   370
           Lab |       0 |    1684 |   0.0 |       0 |       5 |   0.0 |   313
               +---------+---------+-------+---------+---------+-------+---------

Table legend:
 A = Turns spent in this place as a percentage of turns spent in the entire game.
 B = Non-inter-level travel turns spent in this place as a percentage of non-inter-level travel turns spent in the entire game.
 C = Inter-level travel turns spent in this place as a percentage of turns spent in this place.
 D = Turns resting spent in this place as a percentage of non-inter-level travel turns spent in this place.
 E = Turns spent auto-exploring this place as a percentage of non-inter-level travel turns spent in this place.
 F = Non-inter-level travel turns spent in this place divided by the number of levels of this place that you've seen.
                   A       B       C       D       E      F
               +-------+-------+-------+-------+-------+----------------------
         Total | 100.0 | 100.0 |   5.9 |  28.0 |  40.2 | 1109.2
       Dungeon |  59.3 |  59.8 |   5.2 |  25.3 |  37.9 | 1179.4
        Temple |   0.9 |   0.8 |  18.8 |   0.0 |  97.0 | 134.0
          Lair |  38.1 |  37.7 |   7.0 |  33.0 |  44.6 | 1337.0
     Labyrinth |   1.7 |   1.8 |   0.0 |  25.6 |   0.0 | 313.0
               +-------+-------+-------+-------+-------+----------------------

Vault maps used:
D:1:      evilmike_arrival_fibonacci_small, item_on_display_a
D:2:      minmay_door_path, chequers_ecumenical_altar_lobes, uniq_sigmund
D:3:      serial_bayou, serial_bayou_crossing, serial_bayou_lagoon_b,
          serial_bayou_lagoon_a, serial_bayou_pond_e, uniq_jessica
D:4:      gammafunk_cloud_chamber, serial_shops,
          nicolae_shop_temple_entry_statues_fountains, kennysheep_nondescript
D:5:      zin_treasury, first_bread, serial_shops, nicolae_shop_statue_plus
D:6:      trog_ov_bears_minmay, minmay_temple_entry_from_below_b, basic_altar,
          hangedman_decor_diamond_cutter, uniq_crazy_yiuf_cottage
D:7:      uniq_prince_ribbit1
D:8:      basic_altar, uniq_joseph
D:9:      gammafunk_temple_overflow_forgotten, kennysheep_mini_moat,
          lair_entry_dummy, david_nohive_1, kennysheep_doodads
Temple:   regret_index_temple_sphere_string
Lair:1:   infiniplex_staircase_pool, minmay_lair_oklob_chamber, uniq_gastronok
Lair:2:   serial_bayou_shore_b, uniq_nergalle
Lair:3:   nicolae_quartered_pool_little, lemuel_altar_in_water2
Lair:4:   minmay_shoals_entry_beasts, minmay_snake_entry_guardpost_small
Lair:5:   minmay_slime_entry_pillars, lightli_volcano_entry_magma_tube,
          lab_entry_generic, uniq_snorg
Lab:      labyrinth_mini_lab, nicolae_lab_grate_2, nicolae_lab_dead_end,
          nicolae_lab_checkerboard, labyrinth_skeletal_remains
